AoeStats
← Flash Git

Arena

507926834Analyzed
3v3 RM · 12d ago on Sep 20, 2026· 58m 38s· 6 players
Game mode
Random Map
Map size
Normal (6 player)
Population
200
Speed
Normal
Resources
Standard
Victory
Conquest
Starting age
Dark Age
Ending age
Imperial Age
RankedLock teamsTeams togetherTeam positionsShared explorationLock speedFull tech treeHidden civsTurbo modeCheats
Victory
Defeat
🇪🇸 Malay · Spain
1257
+18
🇦🇺 Koreans · Australia
1255
+18
🇹🇷 Lithuanians · Türkiye
1200
+20
🇹🇼 Mongols · Taiwan
1307
-19
🇹🇼 Bulgarians · Taiwan
1302
-19
🇹🇼 Cumans · Taiwan
1284
-18
Flash Git
9:23 Loom
11:35 Feudal Age
21:12 Double-Bit Axe
21:38 Horse Collar
32:18 Castle Age
31:01 Gold Mining
31:49 Stone Mining
33:56 Heavy Plow
34:13 Bow Saw
34:32 Fletching
35:09 Bodkin Arrow
38:13 Wheelbarrow
38:11 Pikeman
39:57 Squires
39:53 Arson
42:57 Hand Cart
42:28 Town Watch
43:05 Scale Mail Armor
43:16 Forging
43:13 Man-at-Arms
43:40 Gambesons
44:41 Long Swordsman
51:44 Imperial Age
49:59 Gold Shaft Mining
52:57 Conscription
52:49 Siege Engineers
53:06 Guilds
52:21 Heavy Rocket Cart
53:32 Chain Mail Armor
53:52 Iron Casting
56:08 Caravan
57:56 Halberdier
FATİH
10:06 Feudal Age
15:57 Castle Age
14:12 Horse Collar
15:15 Double-Bit Axe
16:05 Gold Mining
25:08 Stone Mining
25:51 Heavy Plow
27:38 Wheelbarrow
27:42 Bow Saw
33:34 Imperial Age
31:16 Scale Barding Armor
31:11 Scale Mail Armor
31:21 Forging
32:07 Forging
36:25 Chemistry
36:07 Elite Leitis
37:10 Chain Barding Armor
37:05 Chain Mail Armor
37:26 Iron Casting
38:50 Ballistics
39:32 Plate Barding Armor
39:32 Iron Casting
39:47 Conscription
42:16 Tower Shields
45:33 Hand Cart
45:51 Crop Rotation
44:52 Elite Skirmisher
46:17 Fletching
46:27 Padded Archer Armor
46:11 Treadmill Crane
46:20 Town Watch
46:42 Loom
50:16 Light Cavalry
51:07 Bloodlines
52:18 Winged Hussar
56:50 Two-Man Saw
Provenza
12:21 Feudal Age
16:19 Castle Age
14:25 Double-Bit Axe
16:36 Bow Saw
16:18 Gold Mining
16:09 Horse Collar
17:01 Loom
19:44 Forging
23:09 Heavy Plow
25:23 Squires
25:09 Arson
33:17 Imperial Age
32:39 Iron Casting
31:26 Pikeman
33:31 Conscription
32:36 Man-at-Arms
32:43 Halberdier
33:41 Capped Ram
35:08 Wheelbarrow
34:19 Town Watch
36:58 Chemistry
39:00 Blast Furnace
41:20 Fletching
41:30 Padded Archer Armor
42:47 Bodkin Arrow
43:08 Leather Archer Armor
42:47 Elite Skirmisher
43:49 Bracer
44:19 Ballistics
46:30 Ring Archer Armor
46:13 Masonry
48:51 Hand Cart
50:07 Thumb Ring
51:31 Thalassocracy
55:38 Elite Karambit Warrior
ejo3t84xji6tjej0xk7
10:23 Feudal Age
14:07 Castle Age
12:12 Double-Bit Axe
12:35 Horse Collar
15:12 Bow Saw
19:53 Heavy Plow
21:27 Stone Mining
22:49 Stone Shaft Mining
24:50 Fletching
25:46 Bodkin Arrow
26:04 Loom
27:11 Wheelbarrow
40:38 Gold Mining
46:50 Hand Cart
50:51 Gold Shaft Mining
53:25 Bloodlines
53:18 Husbandry
56:41 Scale Barding Armor
56:47 Forging
potatonice0209
7:37 Loom
9:53 Feudal Age
23:34 Castle Age
24:48 Double-Bit Axe
24:48 Horse Collar
26:32 Wheelbarrow
32:04 Heavy Plow
32:17 Bow Saw
32:25 Hand Cart
32:58 Gold Mining
33:03 Stone Mining
34:55 Town Watch
38:08 Imperial Age
37:04 Town Patrol
37:53 Fletching
38:04 Padded Archer Armor
38:14 Thumb Ring
38:34 Ballistics
38:25 Bodkin Arrow
38:26 Heavy Cavalry Archer
39:31 Parthian Tactics
39:16 Bracer
39:32 Leather Archer Armor
40:21 Chemistry
39:34 Bloodlines
39:24 Husbandry
40:55 Conscription
41:16 Pikeman
41:56 Squires
41:42 Arson
47:26 Halberdier
48:05 Elite Skirmisher
jim921012
5:46 Loom
9:14 Feudal Age
10:14 Double-Bit Axe
11:36 Town Watch
17:19 Horse Collar
23:13 Wheelbarrow
23:34 Gold Mining
27:06 Castle Age
28:20 Bow Saw
28:11 Heavy Plow
28:47 Gold Shaft Mining
28:37 Hand Cart
29:14 Town Patrol
30:22 Stone Mining
33:53 Imperial Age
31:50 Bloodlines
31:47 Scale Barding Armor
31:53 Forging
32:48 Chain Barding Armor
34:02 Iron Casting
34:05 Cavalier
35:22 Plate Barding Armor
36:32 Blast Furnace
37:12 Fletching
38:23 Onager
39:58 Ballistics
39:36 Murder Holes
44:49 Chemistry
43:22 Light Cavalry
44:48 Squires
47:23 Two-Man Saw
46:03 Hussar
47:27 Siege Onager
47:42 Pikeman
48:23 Scale Mail Armor
48:19 Bodkin Arrow
48:37 Masonry
48:55 Pikeman
49:51 Chain Mail Armor
51:00 Halberdier
Connection lost

Rejoining the realm…

Still unreachable

The connection could not be restored.

Session expired

The server has moved on; the page needs a fresh start.